 Dungeon Crawl Stone Soup version 0.21-a0-260-g9b2435e (webtiles) character file.

22 vladimirx the Charmwright (level 2, 0/23 HPs)
             Began as a Gnoll Skald on Sept 7, 2017.
             Slain by a hobgoblin
             ... wielding a +0 club
              (2 damage)
             ... on level 1 of the Dungeon.
             The game lasted 00:01:34 (691 turns).

vladimirx the Charmwright (Gnoll Skald)              Turns: 691, Time: 00:01:35

Health: 0/23       AC:  3    Str:  7    XL:     2   Next: 91%
Magic:  2/6        EV: 12    Int:  7    God:
Gold:   108        SH:  0    Dex:  7    Spells: 6/7 levels left

rFire    . . .     SeeInvis .   a - +0 mace
rCold    . . .     Gourm    .   (no shield)
rNeg     . . .     Faith    .   b - +0 leather armour
rPois    .         Spirit   .   (no helmet)
rElec    .         Reflect  .   (no cloak)
rCorr    .         Harm     .   (no gloves)
MR       .....                  (no boots)
Stlth    +.........             (no amulet)
HPRegen  0.07/turn              (no ring)
MPRegen  0.10/turn              (no ring)

@: infused
A: unchanging attributes, fangs 1, strong nose
a: no special abilities


You were on level 1 of the Dungeon.
You were not hungry.

You visited 1 branch of the dungeon, and saw 1 of its levels.

You collected 108 gold pieces.

Inventory:

Hand Weapons
 a - a +0 mace (weapon)
Missiles
 e - 38 stones (quivered)
 h - 3 tomahawks
Armour
 b - a +0 leather armour (worn)
Scrolls
 i - a scroll of magic mapping {unknown}
 k - a scroll of fear {unknown}
 l - 2 scrolls of identify {unknown}
Books
 c - a book of Battle

   Spells                             Type                      Level
   a - Infusion                       Charms                       1
   b - Shroud of Golubria             Charms/Translocation         2
   c - Song of Slaying                Charms                       2
   d - Spectral Weapon                Hexes/Charms                 3
   e - Regeneration                   Charms/Necromancy            3
Comestibles
 d - a bread ration
 f - 5 chunks of flesh
 g - a royal jelly
 j - 3 meat rations


   Skills:
 + Level 2.6 Fighting
 * Level 3.1 Maces & Flails
 + Level 1.7 Armour
 + Level 3.1 Dodging
 + Level 3.0 Spellcasting
 + Level 4.5 Charms


You had 6 spell levels left.
You knew the following spells:

 Your Spells              Type           Power        Failure   Level  Hunger
a - Infusion              Chrm           #...         8%          1    ##.....


Dungeon Overview and Level Annotations

Branches:
Dungeon (1/15)

Altars:


Innate Abilities, Weirdness & Mutations

Your physical attributes are unchanging.
You have very sharp teeth.
Your uncanny sense of smell can sniff out nearby items.


Message History

The hobgoblin is lightly wounded.
The hobgoblin hits you with a club. The hobgoblin barely misses you.
You completely miss the hobgoblin.
The hobgoblin is lightly wounded.
The hobgoblin hits you with a club.
You are too injured to fight recklessly!
Casting: Infusion
Confirm with . or Enter, or press ? or * to list all spells.
You extend your infusion's duration.
The hobgoblin hits you with a club.
* * * LOW HITPOINT WARNING * * *
You are too injured to fight recklessly!
You closely miss the hobgoblin.
The hobgoblin is lightly wounded.
The hobgoblin hits you with a club.
* * * LOW HITPOINT WARNING * * *
You hit the hobgoblin.
You bite the hobgoblin, but do no damage.
The hobgoblin is moderately wounded.
The hobgoblin hits you with a club.
You die...

### ##########
..# ......g@.#
#.# ########.#
#÷# #.# #.#
#.# ..# #####
#.#
#.####...##
#.#
#..##..<..##
#.#
#.##.......##
#.#
###..⌠...⌠..##
#.#


You could see a hobgoblin.

Vanquished Creatures
  3 leopard geckos (D:1)
  A ball python (D:1)
  2 bats (D:1)
  2 goblins (D:1)
  4 hobgoblins (D:1)
  3 frilled lizards (D:1)
  2 kobolds (D:1)
17 creatures vanquished.

Notes
Turn   | Place    | Note
-------+----------+-------------------------------------------
     0 | D:1      | vladimirx the Gnoll Skald began the quest for the Orb.
     0 | D:1      | Reached XP level 1. HP: 17/17 MP: 4/4
   101 | D:1      | Reached XP level 2. HP: 16/23 MP: 6/6
   691 | D:1      | Slain by a hobgoblin

Vault maps used:
D:1:      dpeg_arrival_lava_temple_mockup

Skill      XL: |  1  2 |
---------------+-------+-----
Dodging        | 3 |  3.1
Maces & Flails | 3 |  3.1
Fighting       | |  2.6
Armour         | |  1.7
Spellcasting   | |  3.0
Charms         | |  4.5

Action                   || total
-------------------------++-------
Melee: Mace              ||    59
       Bite              ||     1
 Cast: Infusion          ||     9
Armor: Leather armour    ||    18
Dodge: Dodged            ||    46

Table legend:
 A = Spawn XP
 B = Non-spawn XP
 C = Spawn XP percentage of total XP
 D = Spawn monster count
 E = Non-spawn monster count
 F = Spawn count percentage of total count
 G = Total turns spent on level
                    A         B        C        D         E        F      G
               +---------+---------+-------+---------+---------+-------+---------
         Total |       0 |      32 |   0.0 |       0 |      17 |   0.0 |   691
               +---------+---------+-------+---------+---------+-------+---------
           D:1 |       0 |      32 |   0.0 |       0 |      17 |   0.0 |   691
               +---------+---------+-------+---------+---------+-------+---------
